 Dungeon Sprint DCSS version 0.32-a0-433-g08bcfe7efd (webtiles) character file.

Game seed: 15903476627045940798

1800000 rocky1 the Axe Maniac (level 17, -36/142 HPs)
             Began as an Octopode Shapeshifter on Feb 23, 2024.
             Annihilated by a meat berserker
             ... wielding a +9 battleaxe
              (50 damage)
             ... in the Dungeon (Sprint VIII: "Arena of Blood").
             The game lasted 00:01:18 (18 turns).

rocky1 the Axe Maniac (Octopode Shapeshifter)         Turns: 18, Time: 00:01:18

Health: -36/142    AC:  1    Str: 21    XL:     17   Next: 21%
Magic:  3/40       EV: 21    Int: 13    God:
Gold:   0          SH:  0    Dex: 11    Spells: 54/54 levels left

rFire   . . .        j - +∞ Axe of Woe
rCold   . . .        (shield currently unavailable)
rNeg    . . .        (helmet currently unavailable)
rPois   .            (no amulet)
rElec   .            (no ring)
rCorr   .            (no ring)
SInv    .            (no ring)
Will    +....        (no ring)
Stlth   ++++++++++   (no ring)
HPRegen 0.43/turn    (no ring)
MPRegen 0.27/turn    (no ring)
                     (no ring)

%: no teleportation
@: beast-form
A: beast (slay +4), almost no armour, amphibious, 8 rings, camouflage 1,
gelatinous body 1, (nimble swimmer 1), tentacles
a: Begin Untransformation


You were in the Dungeon.
You were a hulking beast.
You visited 1 branch

Inventory:

Hand Weapons
 j - the +∞ Axe of Woe (weapon)
   (You found it in the Dungeon)
Talismans
 b - a beast talisman (active)
 c - a flux talisman
Scrolls
 i - a scroll of blinking
Potions
 a - a potion of lignification
 d - a potion of curing
 e - a potion of heal wounds
 f - a potion of haste
 g - 2 potions of magic
 h - a potion of berserk rage


   Skills:
 + Level 21.4 Fighting
 O Level 27 Axes
 + Level 21.5 Dodging
 O Level 27 Stealth
 - Level 3.0 Unarmed Combat
 + Level 19.2 Spellcasting
 + Level 19.5 Shapeshifting


You had 54 spell levels left.
You didn't know any spells.
Your spell library was empty.

Dungeon Overview and Level Annotations

Branches:
Dungeon (1/1)

Altars:
Makhleb


Innate Abilities, Weirdness & Mutations

You are a hulking beast.
Your limbs bulge with bestial killing power. (Slay +4)
You cannot wear most types of armour.
You are amphibious.
You can wear up to eight rings at the same time.
Your skin changes colour to match your surroundings (Stealth+).
Your rubbery body absorbs attacks. (AC +1, EV +1)
((You are camouflaged when in or above water. (Stealth+)))
You have tentacles for arms and can constrict up to eight enemies at once.


Message History

You dissect the bag of meat like a pig carcass.
You kill the bag of meat!
You hear a shout! x2
A bag of meat comes into view. It is wielding a +9 war axe.
A meat berserker comes into view. It is wielding a +9 battleaxe.
Your Fighting skill increases to level 20!
Your Axes skill increases to level 26!
Your Dodging skill increases to level 20!
Your Stealth skill increases to level 26!
Your Spellcasting skill increases to level 18!
Your Shapeshifting skill increases to level 18!
Unknown command.
The bag of meat shouts!
You slice the bag of meat!!
You fatally mangle the bag of meat.
You kill the bag of meat!
You hit the bag of meat.
You cleave the bag of meat in twain.
You kill the bag of meat!
The bag of meat appears out of thin air!
A bag of meat comes into view. It is wielding a +9 war axe.
You hear a shout!
A bag of meat comes into view. It is wielding a +9 war axe.
A meat berserker comes into view. It is wielding a +9 battleaxe. x2
You hear a shout!
Your Fighting skill increases to level 21!
You have mastered Axes!
Your Dodging skill increases to level 21!
You have mastered Stealth!
Your Spellcasting skill increases to level 19!
Your Shapeshifting skill increases to level 19!
You have reached level 17!
Unknown command.
The meat berserker rages.
A meat berserker comes into view. It is wielding a +9 battleaxe.
The meat berserker rages.
A bag of meat comes into view. It is wielding a +9 war axe. x3
The meat berserker hits you with a +9 battleaxe!!!!
Ouch! That really hurt!
* * * LOW HITPOINT WARNING * * *
The meat berserker hits you with a +9 battleaxe!!!
You die...

.o...#........o...
...................
#......o...........
.#....... #.......#
....#o... #.......#
o#......###.o.....###.
....o..O))...###......
#)hOo.).._......
#..o)o))#.....#..
#........o.#_.<._#
.OO#o..O.o.#.....#
...oo#oo...O.._.....
.............###......
........###...o ..###.
......O.. #.... ..#
#.. .#


You could see 7 meat berserkers and 17 bags of meat.

Vanquished Creatures
  6 ogres (D)
  8 orcs (D)
14 creatures vanquished.

Notes
Turn   | Place    | Note
-------+----------+-------------------------------------------
     0 | D        | Found the +∞ Axe of Woe
     0 | D        | rocky1 the Octopode Shapeshifter began the quest for the
                  | Orb.
     0 | D        | Reached XP level 1. HP: 13/13 MP: 1/1
     0 | D        | Noticed a meat berserker
     4 | D        | Noticed a bag of meat
     4 | D        | Noticed a bag of meat
     4 | D        | Noticed a bag of meat
     5 | D        | Noticed a bag of meat
     6 | D        | Killed a meat berserker
     6 | D        | Noticed a meat berserker
     7 | D        | Reached skill level 15 in Axes
     7 | D        | Reached skill level 15 in Stealth
     7 | D        | Reached skill level 10 in Spellcasting
     7 | D        | Reached XP level 2. HP: 34/34 MP: 1/13
     7 | D        | Reached XP level 3. HP: 39/39 MP: 1/15
     7 | D        | Reached XP level 4. HP: 45/45 MP: 1/16
     7 | D        | Reached XP level 5. HP: 51/51 MP: 1/18
     7 | D        | Reached XP level 6. HP: 57/57 MP: 1/19
     7 | D        | Reached XP level 7. HP: 63/63 MP: 1/21
     7 | D        | Reached XP level 8. HP: 68/68 MP: 1/22
     7 | D        | Reached XP level 9. HP: 73/73 MP: 1/23
     7 | D        | Reached XP level 10. HP: 80/80 MP: 1/24
     7 | D        | Reached XP level 11. HP: 85/85 MP: 1/25
     7 | D        | Reached XP level 12. HP: 91/91 MP: 1/26
     7 | D        | Noticed a bag of meat
     7 | D        | Noticed a meat berserker
     8 | D        | Killed a bag of meat
     8 | D        | Killed a bag of meat
     8 | D        | Noticed a bag of meat
     9 | D        | Reached XP level 13. HP: 100/100 MP: 1/29
     9 | D        | Noticed a meat berserker
     9 | D        | Noticed a bag of meat
     9 | D        | Noticed a bag of meat
    10 | D        | Killed a bag of meat
    10 | D        | Noticed a bag of meat
    11 | D        | Noticed a bag of meat
    11 | D        | Killed a meat berserker
    11 | D        | Killed a meat berserker
    11 | D        | Noticed a meat berserker
    11 | D        | Noticed a bag of meat
    11 | D        | Noticed a meat berserker
    12 | D        | Reached skill level 15 in Shapeshifting
    12 | D        | Reached XP level 14. HP: 68/113 MP: 2/32
    12 | D        | Reached XP level 15. HP: 72/119 MP: 2/33
    12 | D        | Noticed a meat berserker
    13 | D        | Noticed a meat berserker
    13 | D        | Killed a meat berserker
    14 | D        | Noticed a meat berserker
    15 | D        | Killed a meat berserker
    16 | D        | Reached XP level 16. HP: 81/131 MP: 2/37
    16 | D        | Killed a meat berserker
    16 | D        | Noticed a meat berserker
    17 | D        | Noticed a meat berserker
    17 | D        | Noticed a meat berserker
    18 | D        | Reached skill level 27 in Axes
    18 | D        | Reached skill level 27 in Stealth
    18 | D        | Reached XP level 17. HP: 88/142 MP: 3/40
    18 | D        | Noticed a meat berserker
    18 | D        | Annihilated by a meat berserker

Illustrated notes

Levels and vault maps discovered:
D:        meatsprint

Skill      XL: |  1  2  3  4  5  6  7  8  9 10 11 12 13 14 15 16 |
---------------+-------------------------------------------------+-----
Fighting       | 12 13 16 19 21 | 21.4
Axes           | 15 18 22 25 27 | 27.0
Dodging        | 12 14 16 19 21 | 21.5
Stealth        | 15 18 22 25 27 | 27.0
Spellcasting   | 10 12 14 17 19 | 19.2
Shapeshifting  | 11 12 15 17 19 | 19.5
Unarmed Combat | |  3.0

Action                     |  1- 3 |  4- 6 |  7- 9 | 10-12 | 13-15 | 16-18 || total
---------------------------+-------+-------+-------+-------+-------+-------++-------
  Melee: Executioner's axe |     1 |       |       |     1 |     4 |     2 ||     8
 Armour: Skin              |       |       |       |       |     1 |     2 ||     3
  Dodge: Dodged            |     1 |       |       |       |       |       ||     1

Table legend: (Time is in decaauts)
 A = Elapsed time spent in this place.
 B = Non-inter-level travel time spent in this place.
 C = Inter-level travel time spent in this place.
 D = Time resting spent in this place.
 E = Time spent auto-exploring this place.
 F = Levels seen in this place.
 G = Mean time per level.
                   A        B        C        D        E       F      G
               +--------+--------+--------+--------+--------+-----+--------+
         Total |     17 |     17 |      0 |      0 |      0 |   1 |   17.0 |
       Dungeon |     17 |     17 |      0 |      0 |      0 |   1 |   17.0 |
               +--------+--------+--------+--------+--------+-----+--------+

Top non-repeatable levels by time:
       D: 17 daAuts
